Map: Romanticide LE

Players

llllllllllll - Winner!

  • Race: Terran Terran
  • League: Grandmaster
  • Spawn Location: 11:00

IIIIIIIIIIII

  • Race: Protoss Protoss
  • League: Grandmaster
  • Spawn Location: 5:00

VOD

Have the link to the VOD?

Description

Time

  • Played on: July 28, 2021, 1:39 p.m.
  • Length: 9:35
Show
View Real Time Build Order
Export as new Build Order

llllllllllll Terran - Winner!

Build Orders:  

Get SALT Encoding   

  12  0:00  SCV  
  13  0:12  SCV  
  14  0:17  Supply Depot  
  14  0:24  SCV  
  15  0:39  SCV  
  15  0:41  Barracks  
  16  0:44  Refinery  
  16  0:51  SCV  
  17  1:03  SCV  
  18  1:15  SCV  
  19  1:28  Marine  
  19  1:29  Orbital Command  
  20  1:40  Command Center  
  20  1:51  Barracks Reactor  
  20  1:54  SCV  
  20  1:55  Supply Depot  
  21  2:06  SCV  
  22  2:09  Barracks  
  22  2:15  Barracks  
  22  2:18  SCV  
  23  2:27  Marine x2  
  25  2:30  SCV, Bunker  
  26  2:42  SCV  
  27  2:45  Marine x2  
  27  2:55  SCV  
  27  2:59  Orbital Command  
  27  3:01  Barracks Tech Lab  
  27  3:03  Marine  
  27  3:07  SCV, Barracks Tech Lab  
  28  3:15  Marine  
  28  3:19  SCV  
  30  3:21  Marine  
  30  3:24  Marine  
  31  3:27  SCV  
  31  3:28  Stimpack  
  31  3:31  Marine  
  31  3:33  Combat Shield, Marine  
  34  3:38  SCV  
  34  3:40  SCV  
  36  3:42  Marine  
  36  3:43  Marine  
  36  3:48  Refinery  
  38  3:50  SCV  
  38  3:52  SCV, Marine x2  
  38  3:53  Supply Depot  
  42  4:03  SCV  
  42  4:04  SCV  
  43  4:11  Marauder  
  43  4:15  SCV, Supply Depot, Marauder  
  43  4:16  SCV  
  49  4:18  Engineering Bay  
  49  4:24  Marine x2  
  49  4:25  Refinery  
  49  4:27  SCV  
  52  4:32  Marauder  
  52  4:38  SCV, Supply Depot, Marauder  
  56  4:40  SCV  
  56  4:45  Terran Infantry Weapons Level 1  
  58  4:46  Marine  
  59  4:54  Concussive Shells  
  59  4:56  Factory  
  59  4:59  Marine x3  
  62  5:02  SCV  
  62  5:05  SCV  
  64  5:10  Supply Depot  
  64  5:11  Marine  
  65  5:14  SCV  
  65  5:17  Marine  
  65  5:18  Marauder  
  69  5:22  SCV  
  69  5:27  Refinery  
  70  5:32  SCV, Missile Turret, Marauder  
  70  5:34  SCV  
  74  5:40  Marauder  
  73  5:45  Marine x2  
  74  5:51  SCV  
  74  5:54  Factory Tech Lab  
  74  6:00  Starport  
  74  6:01  Marauder  
  74  6:03  Marine  
  69  6:08  SCV, Marine  
  69  6:10  Barracks Tech Lab  
  60  6:11  SCV  
  60  6:15  Siege Tank  
  64  6:20  SCV  
  64  6:21  Marine, Supply Depot  
  64  6:23  Marauder  
  64  6:24  SCV  
  69  6:29  Marauder  
  71  6:38  Marine  
  72  6:42  Terran Infantry Armor Level 1, Starport Reactor  
  72  6:44  Supply Depot, Marauder  
  74  6:47  Command Center  
  74  6:48  SCV x2  
  74  6:51  Marine x2  
  78  6:59  Siege Tank  
  81  7:06  Supply Depot  
  81  7:09  Marine  
  81  7:15  Marauder  
  79  7:18  Medivac  
  79  7:19  Medivac, Marauder  
  85  7:27  SCV x2  
  85  7:28  Marine  
  88  7:31  Siege Tank  
  88  7:33  Barracks  
  88  7:35  Barracks  
  91  7:43  Marauder x2  
  94  7:47  SCV x2  
  94  7:48  Marine  
  94  7:50  Medivac x2  
  101  7:52  Supply Depot  
  101  7:58  Supply Depot  
  101  8:00  Orbital Command, Marine  
  101  8:04  Marauder x2  
  101  8:05  Siege Tank  
  109  8:09  SCV x2  
  111  8:17  Marine  
  111  8:18  Marine  
  112  8:24  Missile Turret, Marine  
  112  8:26  Marauder  
  114  8:29  Missile Turret  
  114  8:31  Marine  
  104  8:35  Missile Turret  
  104  8:38  Missile Turret  
  97  8:49  Marine x2  
  97  8:53  SCV  
  97  8:56  Medivac x2  
  97  9:02  Marine x2, Marauder x2  
  105  9:07  SCV  
  106  9:12  Marine  
  97  9:30  Barracks Tech Lab, Barracks Reactor  
Show
View Real Time Build Order
Export as new Build Order

IIIIIIIIIIII Protoss 

Build Orders: Blink Stalkers 

Get SALT Encoding   

  12  0:00  Probe  
  13  0:12  Probe  
  14  0:19  Pylon  
  14  0:24  Probe  
  15  0:37  Probe (Chrono Boost)  
  15  0:39  Gateway  
  16  0:45  Assimilator  
  16  0:49  Probe (Chrono Boost)  
  17  0:54  Probe (Chrono Boost)  
  18  1:03  Probe  
  19  1:15  Probe  
  20  1:27  Zealot  
  20  1:28  Cybernetics Core  
  20  1:29  Pylon, Probe  
  23  1:49  Nexus  
  23  1:52  Probe  
  24  2:01  Adept (Chrono Boost)  
  24  2:02  Assimilator  
  24  2:06  Probe  
  27  2:10  Warp Gate  
  27  2:19  Pylon, Probe  
  28  2:23  Adept (Chrono Boost)  
  30  2:31  Probe  
  31  2:43  Probe  
  32  2:46  Stalker  
  34  2:55  Probe  
  35  3:02  Probe (Chrono Boost)  
  34  3:11  Twilight Council  
  34  3:12  Probe (Chrono Boost)  
  36  3:14  Probe (Chrono Boost)  
  36  3:16  Stalker  
  36  3:19  Probe (Chrono Boost)  
  39  3:21  Probe (Chrono Boost)  
  38  3:28  Probe  
  38  3:31  Probe  
  40  3:39  Robotics Facility  
  40  3:41  Gateway, Probe  
  41  3:43  Blink (Chrono Boost), Probe  
  42  3:53  Gateway  
  42  3:57  Gateway, Probe  
  42  3:58  Probe  
  44  4:09  Assimilator, Probe  
  43  4:10  Assimilator  
  43  4:11  Stalker  
  43  4:14  Probe  
  46  4:20  Pylon  
  46  4:21  Probe  
  47  4:24  Pylon  
  47  4:28  Pylon  
  47  4:29  Warp Prism (Chrono Boost)  
  47  4:36  Probe x2  
  51  4:40  Stalker  
  53  4:47  Stalker  
  53  4:48  Stalker  
  57  4:52  Stalker  
  57  4:54  Probe  
  57  4:56  Probe  
  57  4:58  Observer  
  62  5:04  Stalker  
  64  5:10  Pylon  
  64  5:20  Stalker x3  
  70  5:22  Observer  
  70  5:23  Pylon  
  70  5:46  Stalker x3  
  70  5:53  Probe x2  
  58  6:05  Probe x2  
  55  6:14  Dark Shrine  
  55  6:17  Probe x2  
  57  6:19  Pylon  
  57  6:21  Robotics Facility  
  57  6:30  Probe  
  58  6:32  Nexus  
  58  6:35  Pylon  
  58  6:38  Probe  
  59  6:42  Charge  
  59  6:45  Probe  
  59  6:46  Forge  
  60  6:58  Probe  
  60  6:59  Probe  
  62  7:14  Warp Prism (Chrono Boost)  
  52  7:16  Probe  
  52  7:17  Probe  
  52  7:22  Sentry x3  
  60  7:23  Sentry, Observer  
  60  7:25  Pylon  
  60  7:26  Protoss Ground Armor Level 1 (Chrono Boost)  
  60  7:28  Probe  
  65  7:30  Shield Battery  
  65  7:31  Probe  
  66  7:40  Probe  
  65  7:47  Dark Templar x3  
  65  7:51  Dark Templar  
  73  7:55  Probe x2  
  73  7:56  Probe  
  76  8:08  Probe x3  
  76  8:09  Immortal (Chrono Boost)  
  83  8:20  Probe x2  
  83  8:27  Pylon, Probe  
  86  8:32  Probe x2  
  86  8:38  Dark Templar x2  
  86  8:39  Probe  
  91  8:44  Probe x2  
  91  8:45  Dark Templar  
  90  8:51  Probe  
  90  8:54  Stalker  
  59  9:15  Dark Templar, Probe  
  46  9:21  Probe  
  42  9:29  Gateway  
  42  9:33  Gateway  
Tags
 
Add a new tag
Caveats
  • Supply blocks, unpowered buildings, or Contaminate may cause inaccurate times.
  • Supply counts are checked every 10 seconds.